 Dungeon Crawl Stone Soup version 0.26-a0-1222-g14533b3512 (webtiles) character file.

Game seed: 11727555376565170322

40 voltaire321 the Skirmisher (level 3, 0/29 HPs)
             Began as a Human Monk on Dec 31, 2020.
             Slain by an orc
             ... wielding a +0 flail
              (7 damage)
             ... on level 4 of the Dungeon.
             The game lasted 00:03:39 (1663 turns).

voltaire321 the Skirmisher (Human Monk)             Turns: 1663, Time: 00:03:40

Health: 0/29       AC:  2    Str: 12    XL:     3   Next: 72%
Magic:  3/3        EV: 14    Int: 10    God:
Gold:   105        SH:  0    Dex: 15    Spells: 2/2 levels left

rFire    . . .     SeeInvis .   a - +0 falchion
rCold    . . .     Faith    .   (no shield)
rNeg     . . .     Spirit   .   b - +0 robe
rPois    .         Reflect  .   (no helmet)
rElec    .         Harm     .   (no cloak)
rCorr    .         Rampage  .   (no gloves)
Will     .....                  (no boots)
Stlth    ++........             (no amulet)
HPRegen  0.09/turn              (no ring)
MPRegen  0.08/turn              (no ring)

@: no status effects
A: no striking features
a: no special abilities


You were on level 4 of the Dungeon.
You visited 1 branch of the dungeon, and saw 3 of its levels.

You collected 105 gold pieces.

Inventory:

Hand Weapons
 a - a +0 falchion (weapon)
Missiles
 g - 2 atropa-tipped darts (quivered)
 i - 4 boomerangs
Armour
 b - a +0 robe (worn)
Jewellery
 k - an uncursed ring of poison resistance {unknown}
 l - a cursed amulet of inaccuracy {unknown}
Scrolls
 j - a scroll of enchant weapon {unknown}
 m - a scroll of enchant armour {unknown}
Potions
 c - 2 potions of curing {unknown}
 d - 3 potions of mutation {unknown}
 e - a potion of attraction {unknown}
 f - a potion of berserk rage {unknown}
 h - a potion of invisibility {unknown}


   Skills:
 + Level 3.4 Fighting
 + Level 3.4 Long Blades
 + Level 1.0 Armour
 + Level 3.4 Dodging
 - Level 2.0 Stealth


You had 2 spell levels left.
You didn't know any spells.
Your spell library was empty.

Dungeon Overview and Level Annotations

Branches:
Dungeon (2/15)

Altars:


Message History

m - a scroll labelled YRAD YTHYTUU
Found a stone staircase leading down.
There is an open door here.
You fall into a shaft and drop 2 floors!
The shaft crumbles and collapses.
Found 7 gold pieces.
You now have 105 gold pieces (gained 7).
Found 12 gold pieces.
An orc comes into view.
It is wielding a +0 flail. 2 orcs come into view.
The orc shouts! x2; You hear a shout!
An orc priest comes into view. It is wielding a +0 hand axe.
An orc comes into view. It is wielding a +0 trident.
The orc hits you with a +0 flail.
You closely miss the orc. The orc hits you with a +0 flail!
You hit the orc but do no damage. The orc closely misses you.
You hit the orc but do no damage. The orc hits you with a +0 flail.
* * * LOW HITPOINT WARNING * * *
You barely miss the orc. The orc hits you with a +0 flail!
You die...

#..... #. #.#.#. #.
#..... .. #.#.#. #.
#.#.#. #. #..... #.
########## ###.##
#.###.o......######.#
#....@######........#
####### ##########


You could see an orc.

Vanquished Creatures
  2 dart slugs (D:1)
  4 leopard geckos (D:1)
  3 bats
  A giant cockroach (D:1)
  3 goblins (D:1)
  7 hobgoblins
  2 kobolds (D:1)
  A quokka (D:2)
  2 ball pythons (D:1)
  3 frilled lizards
  A rat (D:1)
29 creatures vanquished.

Notes
Turn   | Place    | Note
-------+----------+-------------------------------------------
     0 | D:1      | voltaire321 the Human Monk began the quest for the Orb.
     0 | D:1      | Reached XP level 1. HP: 18/18 MP: 1/1
    57 | D:1      | Reached XP level 2. HP: 17/24 MP: 2/2
   504 | D:1      | Reached XP level 3. HP: 25/29 MP: 3/3
   542 | D:1      | HP: 1/29 [hobgoblin/+0 club (3)]
   961 | D:1      | Reached skill level 1 in Armour
  1590 | D:2      | You fall into a shaft and drop 2 floors!
  1663 | D:4      | Slain by an orc

Illustrated notes

Levels and vault maps discovered:
D:1:      lightli_arrival_noodles, layout_rooms, minmay_tetromino_l2
D:2:      layout_basic
D:4:      layout_loops_cross, nemelex_xobeh_ov_fountains_minmay

Skill      XL: |  1  2  3 |
---------------+----------+-----
Armour         | 1 |  1.0
Fighting       | |  3.4
Long Blades    | |  3.4
Dodging        | |  3.4
Stealth        | |  2.0

Action                   || total
-------------------------++-------
Melee: Falchion          ||   106
 Stab: Sleeping          ||     3
Armor: Robe              ||    17
Dodge: Dodged            ||    78
       Rpst.: Falchion   ||    22

Table legend: (Time is in decaauts)
 A = Elapsed time spent in this place.
 B = Non-inter-level travel time spent in this place.
 C = Inter-level travel time spent in this place.
 D = Time resting spent in this place.
 E = Time spent auto-exploring this place.
 F = Levels seen in this place.
 G = Mean time per level.
                   A        B        C        D        E       F      G
               +--------+--------+--------+--------+--------+-----+--------+
         Total |   1677 |   1663 |     14 |    814 |    425 |   3 |  559.0 |
       Dungeon |   1677 |   1663 |     14 |    814 |    425 |   3 |  559.0 |
               +--------+--------+--------+--------+--------+-----+--------+

Top non-repeatable levels by time:
     D:1: 1321 daAuts
     D:2: 282 daAuts
     D:4: 73 daAuts
